AoeStats
← 一条固执的鱼

African Clearing

505617345Analyzed
3v3 RM · 22d ago on Sep 10, 2026· 129m 47s· 6 players
Game mode
Random Map
Map size
Normal (6 player)
Population
200
Speed
Normal
Resources
Standard
Victory
Conquest
Starting age
Dark Age
Ending age
Imperial Age
RankedLock teamsTeams togetherTeam positionsShared explorationLock speedFull tech treeHidden civsTurbo modeCheats
Victory
Defeat
🇨🇳 Teutons · China
1243
+16
🇨🇳 Dravidians · China
1235
+16
🇨🇳 Lithuanians · China
1222
+16
🇳🇿 Huns · New Zealand
1237
-16
🇳🇿 Britons · New Zealand
1235
-16
🇳🇿 Italians · New Zealand
1235
-16
一条固执的鱼
6:29 Loom
13:50 Feudal Age
18:00 Castle Age
15:49 Horse Collar
15:57 Double-Bit Axe
24:23 Wheelbarrow
23:48 Town Watch
25:06 Bow Saw
26:54 Fletching
27:04 Padded Archer Armor
28:12 Hand Cart
28:39 Thumb Ring
28:57 Husbandry
29:43 Leather Archer Armor
31:30 Bodkin Arrow
31:49 Heavy Plow
34:12 Ballistics
37:23 Imperial Age
36:32 Gold Mining
36:32 Stone Mining
38:16 Medical Corps
38:16 Bracer
39:56 Chemistry
39:57 Ring Archer Armor
41:28 Conscription
40:33 Elite Elephant Archer
50:48 Elite Skirmisher
55:31 Two-Man Saw
62:31 Siege Elephant
62:46 Onager
67:58 Pikeman
68:39 Squires
68:47 Halberdier
69:44 Forging
69:35 Scale Mail Armor
70:05 Arson
71:22 Chain Mail Armor
71:43 Iron Casting
71:20 Town Patrol
106:06 Caravan
809591945
6:01 Loom
13:23 Feudal Age
14:49 Feudal Age
18:26 Castle Age
16:53 Double-Bit Axe
18:47 Town Watch
20:04 Bow Saw
21:16 Horse Collar
27:38 Bloodlines
27:49 Heavy Plow
28:55 Scale Barding Armor
29:56 Chain Barding Armor
32:26 Wheelbarrow
39:07 Wheelbarrow
43:47 Forging
46:43 Imperial Age
48:05 Hand Cart
48:56 Cavalier
50:22 Hand Cart
52:24 Crop Rotation
53:41 Paladin
54:14 Elite Skirmisher
55:27 Town Patrol
56:50 Padded Archer Armor
56:42 Fletching
58:03 Leather Archer Armor
59:10 Bodkin Arrow
59:45 Ring Archer Armor
61:59 Ring Archer Armor
61:25 Bodkin Arrow
63:54 Ballistics
64:34 Chemistry
64:50 Chemistry
68:52 Two-Man Saw
72:13 Plate Barding Armor
72:14 Iron Casting
75:58 Paladin
77:44 Blast Furnace
77:10 Conscription
88:49 Pikeman
89:30 Squires
94:25 Caravan
100:57 Coinage
100:41 Guilds
100:53 Scale Mail Armor
100:14 Halberdier
100:40 Arson
100:40 Gambesons
102:28 Chain Mail Armor
沉着 冷静
12:42 Feudal Age
13:42 Loom
14:20 Double-Bit Axe
17:14 Castle Age
14:57 Horse Collar
15:30 Town Watch
29:19 Wheelbarrow
30:59 Bow Saw
30:51 Heavy Plow
32:00 Elite Skirmisher
36:53 Imperial Age
34:20 Fletching
34:51 Ballistics
34:50 Padded Archer Armor
35:14 Bodkin Arrow
35:15 Gold Mining
35:15 Stone Mining
36:24 Leather Archer Armor
36:59 Thumb Ring
38:37 Stone Shaft Mining
38:49 Conscription
39:03 Bracer
40:08 Chemistry
40:25 Ring Archer Armor
39:37 Pikeman
40:17 Squires
40:03 Arson
40:19 Scale Mail Armor
41:04 Tower Shields
41:08 Halberdier
42:45 Chain Mail Armor
42:41 Forging
45:13 Iron Casting
46:24 Scale Barding Armor
46:57 Elite Leitis
48:36 Chain Barding Armor
49:30 Bloodlines
49:20 Husbandry
52:31 Plate Barding Armor
58:56 Masonry
60:02 Two-Man Saw
62:10 Light Cavalry
64:59 Architecture
67:10 Coinage
66:51 Guilds
66:49 Treadmill Crane
69:13 Banking
70:14 Caravan
91:43 Hand Cart
103:50 Hill Forts
116:35 Town Patrol
128:33 Winged Hussar
edwardkof123
9:43 Loom
11:54 Feudal Age
12:31 Double-Bit Axe
16:57 Horse Collar
19:10 Gold Mining
19:34 Loom
22:24 Castle Age
20:58 Fletching
21:38 Padded Archer Armor
21:39 Scale Mail Armor
21:45 Stone Mining
22:32 Crossbowman
24:56 Pikeman
27:04 Bow Saw
27:01 Bodkin Arrow
27:53 Bow Saw
29:18 Town Watch
33:30 Ballistics
33:33 Thumb Ring
37:14 Imperial Age
37:20 Leather Archer Armor
37:21 Chain Mail Armor
37:18 Forging
39:18 Conscription
41:05 Bracer
44:19 Two-Man Saw
45:10 Heavy Plow
45:14 Squires
45:47 Ring Archer Armor
45:48 Plate Mail Armor
45:25 Scale Barding Armor
46:41 Wheelbarrow
46:13 Arbalester
48:33 Elite Genoese Crossbowman
52:03 Bloodlines
51:53 Husbandry
51:40 Light Cavalry
52:51 Chain Barding Armor
53:07 Iron Casting
52:13 Hussar
54:18 Plate Barding Armor
57:38 Chemistry
80:07 Crop Rotation
89:27 Caravan
108:39 Blast Furnace
crystalship
7:14 Loom
12:30 Feudal Age
13:13 Double-Bit Axe
13:09 Horse Collar
15:29 Forging
21:04 Castle Age
19:28 Fletching
19:38 Padded Archer Armor
20:52 Bloodlines
20:48 Gold Mining
21:48 Bodkin Arrow
23:46 Bow Saw
30:02 Husbandry
30:28 Ballistics
32:22 Wheelbarrow
32:31 Leather Archer Armor
37:03 Imperial Age
34:19 Town Watch
34:54 Scale Barding Armor
36:05 Iron Casting
35:34 Marauders
37:13 Gold Shaft Mining
36:40 Heavy Plow
36:31 Stone Mining
37:48 Chain Barding Armor
37:57 Elite Tarkan
39:31 Plate Barding Armor
40:23 Scale Mail Armor
41:25 Blast Furnace
43:16 Elite Skirmisher
44:39 Bracer
45:58 Leather Archer Armor
54:19 Hand Cart
60:11 Thumb Ring
62:38 Scale Mail Armor
62:55 Light Cavalry
64:33 Chain Mail Armor
64:45 Pikeman
65:56 Squires
71:04 Hussar
83:10 Caravan
87:05 Conscription
90:48 Cavalier
94:23 Guilds
94:06 Paladin
97:19 Coinage
100:59 Chemistry
103:15 Two-Man Saw
Chris.W
7:15 Loom
14:27 Feudal Age
14:58 Double-Bit Axe
15:52 Town Watch
22:56 Castle Age
21:54 Fletching
23:36 Gold Mining
23:40 Stone Mining
25:13 Bow Saw
25:29 Horse Collar
27:41 Heavy Plow
28:24 Crossbowman
30:08 Gold Shaft Mining
30:18 Ballistics
30:03 Padded Archer Armor
30:46 Bodkin Arrow
32:31 Wheelbarrow
31:22 Pikeman
32:03 Squires
33:53 Forging
39:15 Scale Mail Armor
39:51 Iron Casting
42:03 Imperial Age
39:51 Hand Cart
42:10 Arbalester
43:34 Yeomen
43:44 Bracer
45:47 Leather Archer Armor
45:49 Chain Mail Armor
47:39 Chemistry
48:36 Halberdier
54:52 Gambesons
55:26 Warwolf
57:50 Arson
61:05 Blast Furnace
60:11 Scale Barding Armor
61:25 Man-at-Arms
62:35 Long Swordsman
63:51 Two-Handed Swordsman
65:17 Chain Barding Armor
65:44 Champion
82:16 Caravan
116:30 Elite Skirmisher
Connection lost

Rejoining the realm…

Still unreachable

The connection could not be restored.

Session expired

The server has moved on; the page needs a fresh start.